TOP OF THE 1ST |
Duke Blue Devils batting - Pitching for Kentucky Wildcats : RHP Adam Parker
|
Pitching: RHP Adam Parker
|
|
Batting: SHB Tomás Sánchez
|
0-0: Called Strike 0-1: Ball 1-1: Fly out, F3 (Popup, 3L)
|
Batting: RHB Matt Osborne
|
0-0: Swinging Strike 0-1: Ball 1-1: Swinging Strike 1-2: Strikes out looking
|
Batting: LHB Francisco Ríos
|
0-0: Swinging Strike 0-1: Ground out U3 (Groundball, 34)
|
Top of the 1st over - 0 run(s), 0 hit(s), 0 error(s), 0 left on base; Duke 0 - Kentucky 0 |
BOTTOM OF THE 1ST |
Kentucky Wildcats batting - Pitching for Duke Blue Devils : RHP Scott Lambert
|
Pitching: RHP Scott Lambert
|
|
Batting: RHB Lewis Childress
|
0-0: Ball 1-0: Ball 2-0: SINGLE (Flyball, 8RS)
|
Batting: RHB António Olivares
|
0-0: Called Strike 0-1: Ball 1-1: Ball 2-1: SINGLE (Groundball, 56D) Lewis Childress to second
|
Batting: LHB César Rodríguez
|
0-0: Ball 1-0: Foul Ball, location: 2F 1-1: Ball 2-1: Ball 3-1: Foul Ball, location: 2F 3-2: Strikes out swinging
|
Batting: LHB Mark Sanders
|
0-0: Called Strike Lewis Childress steals 3rd base António Olivares to second 0-1: SINGLE (Line Drive, 8RS) Lewis Childress scores António Olivares to third
|
Batting: RHB Joseph Leach
|
0-0: Called Strike 0-1: Called Strike 0-2: Fly out, F9 (Flyball, 9LSF) Runner from 3rd tags up, SCORES, no throw
|
Batting: LHB Matt Taylor
|
0-0: Ball 1-0: Ball 2-0: Ball 3-0: Called Strike 3-1: Called Strike 3-2: Strikes out swinging
|
Bottom of the 1st over - 2 run(s), 3 hit(s), 0 error(s), 1 left on base; Duke 0 - Kentucky 2 |
TOP OF THE 2ND |
Duke Blue Devils batting - Pitching for Kentucky Wildcats : RHP Adam Parker
|
Batting: LHB Dennis King
|
0-0: DOUBLE (Line Drive, 89D)
|
Batting: RHB Peter Hernández
|
0-0: Called Strike 0-1: Ball 1-1: Foul Ball, location: 2F 1-2: Foul Ball, location: 2F 1-2: Foul Ball, location: 2F 1-2: Ball 2-2: Foul Ball, location: 2F 2-2: Foul Ball, location: 2F 2-2: Ball 3-2: SINGLE (Flyball, 9LS) Dennis King to third
|
Batting: RHB Randall Walker
|
0-0: Called Strike 0-1: Ball 1-1: Called Strike 1-2: Strikes out looking
|
Batting: LHB Cade Brown
|
0-0: Fielders Choice at 2nd, 3-6 (Groundball, 3) Dennis King scores
|
Batting: RHB Bob Ferguson
|
0-0: Called Strike 0-1: Ball 1-1: Swinging Strike 1-2: Foul Ball, location: 2F 1-2: Strikes out swinging
|
Top of the 2nd over - 1 run(s), 2 hit(s), 0 error(s), 1 left on base; Duke 1 - Kentucky 2 |
BOTTOM OF THE 2ND |
Kentucky Wildcats batting - Pitching for Duke Blue Devils : RHP Scott Lambert
|
Batting: RHB Roberto Juárez
|
0-0: SOLO HOME RUN (Flyball, 7D), Distance : 367 ft
|
Batting: SHB Eduardo Luna
|
0-0: Ball 1-0: Ball 2-0: Called Strike 2-1: Swinging Strike 2-2: Foul Ball, location: 2F 2-2: Ball 3-2: Strikes out swinging
|
Batting: SHB Russ Beasley
|
0-0: Ball 1-0: Fly out, F8 (Flyball, 8RM)
|
Batting: RHB Lewis Childress
|
0-0: Ball 1-0: Foul Ball, location: 2F 1-1: Ground out 5-3 (Groundball, 5)
|
Bottom of the 2nd over - 1 run(s), 1 hit(s), 0 error(s), 0 left on base; Duke 1 - Kentucky 3 |
TOP OF THE 3RD |
Duke Blue Devils batting - Pitching for Kentucky Wildcats : RHP Adam Parker
|
Batting: RHB Danny Morrison
|
0-0: Ball 1-0: Foul Ball, location: 2F 1-1: Foul Ball, location: 2F 1-2: SOLO HOME RUN (Flyball, 7LD), Distance : 335 ft
|
Batting: SHB Tomás Sánchez
|
0-0: Ball 1-0: Ball 2-0: SINGLE (Groundball, 4MD)
|
Batting: RHB Matt Osborne
|
0-0: Swinging Strike 0-1: Fly out, F3 (Flyball, 3DF)
|
Batting: LHB Francisco Ríos
|
0-0: Called Strike 0-1: Foul Ball, location: 2F 0-2: Ball 1-2: Foul Ball, location: 2F 1-2: Ball 2-2: Strikes out looking
|
Batting: LHB Dennis King
|
0-0: Ball Tomás Sánchez steals 2nd base 1-0: Called Strike 1-1: Fly out, F8 (Flyball, 8LM)
|
Top of the 3rd over - 1 run(s), 2 hit(s), 0 error(s), 1 left on base; Duke 2 - Kentucky 3 |
BOTTOM OF THE 3RD |
Kentucky Wildcats batting - Pitching for Duke Blue Devils : RHP Scott Lambert
|
Batting: RHB António Olivares
|
0-0: Ball 1-0: Ball 2-0: Ball 3-0: Base on Balls
|
Batting: LHB César Rodríguez
|
0-0: Ball 1-0: Foul Ball, location: 2F 1-1: SINGLE (Line Drive, 9LS) António Olivares to second Runner from 2nd tries for 3rd, SAFE, no throw
|
Batting: LHB Mark Sanders
|
0-0: Swinging Strike 0-1: Called Strike 0-2: Fly out, F8 (Flyball, 8LM) Runner from 3rd tags up, SCORES, no throw
|
Batting: RHB Joseph Leach
|
0-0: Called Strike 0-1: Ball 1-1: Foul Ball, location: 2F 1-2: Ball 2-2: Ball 3-2: Foul Ball, location: 2F 3-2: Base on Balls César Rodríguez to second
|
Batting: LHB Matt Taylor
|
0-0: Ball 1-0: Called Strike 1-1: Fly out, F9 (Flyball, 9S)
|
Batting: RHB Roberto Juárez
|
0-0: Foul Ball, location: 2F 0-1: Ground out 1-3 (Groundball, P)
|
Bottom of the 3rd over - 1 run(s), 1 hit(s), 0 error(s), 2 left on base; Duke 2 - Kentucky 4 |
TOP OF THE 4TH |
Duke Blue Devils batting - Pitching for Kentucky Wildcats : RHP Adam Parker
|
Batting: RHB Peter Hernández
|
0-0: Called Strike 0-1: Called Strike 0-2: Strikes out swinging
|
Batting: RHB Randall Walker
|
0-0: Ball 1-0: Ball 2-0: Ball 3-0: Called Strike 3-1: Swinging Strike 3-2: Base on Balls
|
Batting: LHB Cade Brown
|
0-0: Ball 1-0: Foul Ball, location: 2F 1-1: SINGLE (Groundball, 34D) Randall Walker to second Throwing error, E9 Randall Walker scores Cade Brown to second
|
Batting: RHB Bob Ferguson
|
0-0: Ball 1-0: Foul Ball, location: 2F 1-1: Swinging Strike 1-2: Foul Ball, location: 2F 1-2: Strikes out looking
|
Batting: RHB Danny Morrison
|
0-0: Ball 1-0: Fly out, F6 (Line Drive, 6)
|
Top of the 4th over - 1 run(s), 1 hit(s), 1 error(s), 1 left on base; Duke 3 - Kentucky 4 |
BOTTOM OF THE 4TH |
Kentucky Wildcats batting - Pitching for Duke Blue Devils : RHP Scott Lambert
|
Batting: SHB Eduardo Luna
|
0-0: Ball 1-0: Ball 2-0: Ground out 4-3 (Groundball, 4)
|
Batting: SHB Russ Beasley
|
0-0: Called Strike 0-1: Called Strike 0-2: Foul Ball, location: 2F 0-2: Ball 1-2: Foul Ball, location: 2F 1-2: Ball 2-2: Foul Ball, location: 2F 2-2: Foul Ball, location: 2F 2-2: Foul Ball, location: 2F 2-2: Ball 3-2: SINGLE (Line Drive, 6M)
|
Batting: RHB Lewis Childress
|
0-0: Ball 1-0: Called Strike 1-1: Ball 2-1: Ball 3-1: Base on Balls Russ Beasley to second
|
Pitching: RHP Albert Holcomb
|
|
Batting: RHB António Olivares
|
0-0: Called Strike Russ Beasley steals 3rd base Lewis Childress to second 0-1: Fly out, F3 (Popup, 3L)
|
Batting: LHB César Rodríguez
|
0-0: Ball 1-0: Ball 2-0: Fly out, F7 (Flyball, 7S)
|
Bottom of the 4th over - 0 run(s), 1 hit(s), 0 error(s), 2 left on base; Duke 3 - Kentucky 4 |
TOP OF THE 5TH |
Duke Blue Devils batting - Pitching for Kentucky Wildcats : RHP Adam Parker
|
Batting: SHB Tomás Sánchez
|
0-0: Called Strike 0-1: Called Strike 0-2: Strikes out swinging
|
Batting: RHB Matt Osborne
|
0-0: Ball 1-0: Ball 2-0: Called Strike 2-1: Called Strike 2-2: Ball 3-2: SINGLE (Groundball, 56D)
|
Batting: LHB Francisco Ríos
|
0-0: Called Strike 0-1: Called Strike 0-2: Fly out, F9 (Flyball, 9D)
|
Pitching: RHP Bryce Gray
|
|
Batting: LHB Dennis King
|
0-0: Called Strike 0-1: Ball 1-1: Ball 2-1: Fly out, F8 (Flyball, 89M)
|
Top of the 5th over - 0 run(s), 1 hit(s), 0 error(s), 1 left on base; Duke 3 - Kentucky 4 |
BOTTOM OF THE 5TH |
Kentucky Wildcats batting - Pitching for Duke Blue Devils : RHP Albert Holcomb
|
Batting: LHB Mark Sanders
|
0-0: Ball 1-0: Ball 2-0: Hit by Pitch
|
Batting: RHB Joseph Leach
|
0-0: Ball 1-0: Called Strike 1-1: Ball 2-1: Ball 3-1: Called Strike 3-2: Strikes out looking Mark Sanders is caught stealing 2nd base Batter strikes out.
|
Batting: LHB Matt Taylor
|
0-0: Ground out 4-3 (Groundball, 4)
|
Bottom of the 5th over - 0 run(s), 0 hit(s), 0 error(s), 0 left on base; Duke 3 - Kentucky 4 |
TOP OF THE 6TH |
Duke Blue Devils batting - Pitching for Kentucky Wildcats : RHP Bryce Gray
|
Batting: RHB Peter Hernández
|
0-0: Ball 1-0: Ground out 1-3 (Groundball, 13S)
|
Batting: RHB Randall Walker
|
0-0: SOLO HOME RUN (Flyball, 78XD), Distance : 388 ft
|
Batting: LHB Cade Brown
|
0-0: Called Strike 0-1: Called Strike 0-2: Ground out 4-3 (Groundball, 4S)
|
Pitching: LHP John Charles
|
|
Batting: RHB Bob Ferguson
|
0-0: Fly out, F7 (Flyball, 7)
|
Top of the 6th over - 1 run(s), 1 hit(s), 0 error(s), 0 left on base; Duke 4 - Kentucky 4 |
BOTTOM OF THE 6TH |
Kentucky Wildcats batting - Pitching for Duke Blue Devils : RHP Albert Holcomb
|
Batting: RHB Roberto Juárez
|
0-0: Called Strike 0-1: Ball 1-1: Foul Ball, location: 2F 1-2: Strikes out swinging
|
Batting: SHB Eduardo Luna
|
0-0: Foul Ball, location: 2F 0-1: Ball 1-1: Called Strike 1-2: Ball 2-2: SINGLE (Line Drive, 6MD)
|
Batting: SHB Russ Beasley
|
0-0: Foul Ball, location: 2F 0-1: SINGLE (Groundball, 6D) Eduardo Luna to second
|
Batting: RHB Lewis Childress
|
0-0: Ball 1-0: Called Strike 1-1: Foul Ball, location: 2F 1-2: DOUBLE (Line Drive, 8RD) Eduardo Luna scores Russ Beasley to third
|
Batting: RHB António Olivares
|
0-0: Swinging Strike 0-1: Called Strike 0-2: Strikes out swinging
|
Batting: LHB César Rodríguez
|
0-0: Ball 1-0: Ball 2-0: Ball 3-0: Base on Balls
|
Batting: LHB Mark Sanders
|
0-0: Called Strike 0-1: Swinging Strike 0-2: Strikes out swinging
|
Bottom of the 6th over - 1 run(s), 3 hit(s), 0 error(s), 3 left on base; Duke 4 - Kentucky 5 |
TOP OF THE 7TH |
Duke Blue Devils batting - Pitching for Kentucky Wildcats : LHP John Charles
|
Batting: RHB Danny Morrison
|
0-0: Foul Ball, location: 2F 0-1: Ball 1-1: Ball 2-1: Foul Ball, location: 2F 2-2: SOLO HOME RUN (Flyball, 78XD), Distance : 375 ft
|
Batting: SHB Tomás Sánchez
|
0-0: SINGLE (Flyball, 78S)
|
Batting: RHB Matt Osborne
|
0-0: Ball 1-0: Called Strike 1-1: Called Strike 1-2: Strikes out swinging
|
Batting: LHB Francisco Ríos
|
0-0: Fly out, F5 (Popup, 5)
|
Batting: LHB Dennis King
|
0-0: Called Strike 0-1: Called Strike 0-2: Foul Ball, location: 2F 0-2: Foul Ball, location: 2F 0-2: Ball 1-2: Ball Tomás Sánchez is caught stealing 2nd base
|
Top of the 7th over - 1 run(s), 2 hit(s), 0 error(s), 0 left on base; Duke 5 - Kentucky 5 |
BOTTOM OF THE 7TH |
Kentucky Wildcats batting - Pitching for Duke Blue Devils : RHP Albert Holcomb
|
Batting: RHB Joseph Leach
|
0-0: Foul Ball, location: 2F 0-1: SINGLE (Groundball, 56D)
|
Batting: LHB Matt Taylor
|
0-0: Bunt missed! 0-1: Sac Bunt - play at first, batter OUT! 1-4 Joseph Leach to second
|
Batting: RHB Roberto Juárez
|
0-0: Ball 1-0: Foul Ball, location: 2F 1-1: Foul Ball, location: 2F 1-2: Strikes out looking
|
Batting: SHB Eduardo Luna
|
0-0: Called Strike 0-1: Swinging Strike 0-2: Ball 1-2: Ball 2-2: Strikes out swinging
|
Bottom of the 7th over - 0 run(s), 1 hit(s), 0 error(s), 1 left on base; Duke 5 - Kentucky 5 |
TOP OF THE 8TH |
Duke Blue Devils batting - Pitching for Kentucky Wildcats : LHP John Charles
|
Batting: LHB Dennis King
|
0-0: Foul Ball, location: 2F 0-1: Ball 1-1: Ball 2-1: Swinging Strike 2-2: Foul Ball, location: 2F 2-2: Ball 3-2: Foul Ball, location: 2F 3-2: Base on Balls
|
Batting: RHB Peter Hernández
|
0-0: Ball 1-0: Ball 2-0: Called Strike 2-1: SINGLE (Groundball, 4MD) Dennis King to second Runner from 2nd tries for 3rd, SAFE, throw made to third
|
Batting: RHB Randall Walker
|
0-0: Called Strike 0-1: Ball Pickoff Throw to First - Out! 1-1: Intentional Walk
|
Pinch Hitting: SHB Luis Romero
|
0-0: Swinging Strike 0-1: Foul Ball, location: 2F 0-2: Ball 1-2: Strikes out swinging
|
Batting: RHB Bob Ferguson
|
0-0: Ball 1-0: Ball 2-0: Called Strike 2-1: Foul Ball, location: 2F 2-2: Fielders Choice at 2nd, 5-4 (Groundball, 56)
|
Top of the 8th over - 0 run(s), 1 hit(s), 0 error(s), 1 left on base; Duke 5 - Kentucky 5 |
BOTTOM OF THE 8TH |
Kentucky Wildcats batting - Pitching for Duke Blue Devils : RHP Albert Holcomb
|
Now in LF: Luis Romero
|
|
Batting: SHB Russ Beasley
|
0-0: Ball 1-0: Ball 2-0: Ball 3-0: Called Strike 3-1: Base on Balls
|
Pitching: LHP Miguel Aragón
|
|
Batting: RHB Lewis Childress
|
0-0: Bunted foul 0-1: Ball 1-1: Bunted foul 1-2: Fly out, F7 (Flyball, 7)
|
Batting: RHB António Olivares
|
0-0: Called Strike Russ Beasley is caught stealing 2nd base 0-1: Called Strike 0-2: Ball 1-2: Ball 2-2: Ball 3-2: Foul Ball, location: 2F 3-2: Base on Balls
|
Batting: LHB César Rodríguez
|
0-0: Ball 1-0: Ball 2-0: Called Strike 2-1: Ground out 5-3 (Groundball, 56S)
|
Bottom of the 8th over - 0 run(s), 0 hit(s), 0 error(s), 1 left on base; Duke 5 - Kentucky 5 |
TOP OF THE 9TH |
Duke Blue Devils batting - Pitching for Kentucky Wildcats : LHP John Charles
|
Pitching: RHP Iván López
|
|
Batting: RHB Danny Morrison
|
0-0: Ball 1-0: Fly out, F7 (Flyball, 7S)
|
Batting: SHB Tomás Sánchez
|
0-0: Ball 1-0: Ball 2-0: Ball 3-0: Called Strike 3-1: Swinging Strike 3-2: Fly out, F8 (Flyball, 8LM)
|
Batting: RHB Matt Osborne
|
0-0: Called Strike 0-1: Ball 1-1: Swinging Strike 1-2: Ball 2-2: Strikes out swinging
|
Top of the 9th over - 0 run(s), 0 hit(s), 0 error(s), 0 left on base; Duke 5 - Kentucky 5 |
BOTTOM OF THE 9TH |
Kentucky Wildcats batting - Pitching for Duke Blue Devils : LHP Miguel Aragón
|
Pitching: RHP Jonas Davis
|
|
Batting: LHB Mark Sanders
|
0-0: Ball 1-0: SINGLE (Groundball, 4MD)
|
Batting: RHB Joseph Leach
|
0-0: Ball 1-0: Fly out, F8 (Flyball, 8RM)
|
Batting: LHB Matt Taylor
|
0-0: Ball 1-0: Called Strike 1-1: Foul Ball, location: 2F 1-2: Fielders Choice at 2nd, 4-6 (Groundball, 4)
|
Batting: RHB Roberto Juárez
|
0-0: Ball 1-0: Fly out, F8 (Flyball, 8RS)
|
Bottom of the 9th over - 0 run(s), 1 hit(s), 0 error(s), 1 left on base; Duke 5 - Kentucky 5 |
TOP OF THE 10TH |
Duke Blue Devils batting - Pitching for Kentucky Wildcats : RHP Iván López
|
Batting: LHB Francisco Ríos
|
0-0: Called Strike 0-1: Foul Ball, location: 2F 0-2: Ball 1-2: Strikes out swinging
|
Batting: LHB Dennis King
|
0-0: Ball 1-0: Ball 2-0: Called Strike 2-1: Ball 3-1: Called Strike 3-2: Base on Balls
|
Pinch Hitting: LHB Kelsey Greer
|
0-0: Ball 1-0: Grounds into double play, 5-4-3 (Groundball, 56)
|
Top of the 10th over - 0 run(s), 0 hit(s), 0 error(s), 0 left on base; Duke 5 - Kentucky 5 |
|